 Dungeon Crawl Stone Soup version 0.16.1-2-g95b8d4c (webtiles) character file.

842 Medar the Conjurer (level 7, -5/36 HPs)
             Began as a Deep Elf Venom Mage on Mar 24, 2015.
             Was a Follower of Fedhas.
             Slain by a wight
             ... wielding a +3 dire flail
              (8 damage)
             ... on level 6 of the Dungeon.
             The game lasted 00:14:55 (5172 turns).

Medar the Conjurer (Deep Elf Venom Mage)            Turns: 5172, Time: 00:14:55

Health: -5/36      AC:  2    Str:  5    XL:     7   Next: 67%
Magic:  18/22      EV: 12    Int: 22    God:    Fedhas [*.....]
Gold:   214        SH:  0    Dex: 15    Spells: 4 memorised, 5 levels left

rFire  . . .     SeeInvis .     a - +8 dagger "Pache" {venom, rElec}
rCold  . . .     Clarity  .     i - +0 robe "Jakkuarch" {Slay+2}
rNeg   . . .     SustAb   .     (no shield)
rPois  .         Gourm    .     (no helmet)
rElec  +         Spirit   .     (no cloak)
rCorr  .         Warding  .     (no gloves)
rMut   .         Stasis   .     (no boots)
MR     .....                    (no amulet)
Stlth  ++........               (no ring)
                                (no ring)

@: drained, not resistant to hostile enchantments, unstealthy
A: no striking features
a: Evolution, Renounce Religion


You were on level 6 of the Dungeon.
You worshipped Fedhas.
Fedhas was aware of your devotion.
You were not hungry.

You visited 1 branch of the dungeon, and saw 6 of its levels.

You collected 214 gold pieces.

Inventory:

Hand weapons
 a - the +8 dagger "Pache" (weapon) {venom, rElec}
   (You found it on level 4 of the Dungeon)

   It poisons the flesh of those it strikes.
   It insulates you from electricity.
 r - a +2 dagger of speed
Missiles
 m - 22 poisoned needles
 p - 2 throwing nets {=f =F}
Armour
 e - a +1 robe
 i - the +0 robe "Jakkuarch" (worn) {Slay+2}
   (You found it on level 6 of the Dungeon)

   It affects your accuracy and damage with ranged weapons and melee attacks
   (+2).
Scrolls
 f - a scroll of identify {@r2}
 g - a scroll of enchant weapon
 h - a scroll of fear
 j - a scroll of remove curse {@r1}
 l - a scroll of enchant armour
 n - 3 scrolls of teleportation
 q - a scroll of fog
 s - a scroll of blinking {unknown}
Potions
 d - a potion of brilliance
 o - 4 potions of curing {@q1}
 t - 2 potions of cancellation
Books
 b - a Young Poisoner's Handbook

   Spells                             Type                      Level
   a - Sting                          Conjuration/Poison           1
   b - Cure Poison                    Poison                       2
   c - Mephitic Cloud                 Conjuration/Poison/Air       3
   d - Olgreb's Toxic Radiance        Poison                       4
   e - Venom Bolt                     Conjuration/Poison           5
Comestibles
 c - 3 bread rations {@e1}
 k - 3 meat rations {@e2}


   Skills:
 - Level 2.4(2.0) Dodging
 - Level 2.5(2.1) Stealth
 - Level 5.0(4.5) Spellcasting
 + Level 6.9(6.4) Conjurations
 - Level 1.4(1.0) Air Magic
 + Level 6.7(6.2) Poison Magic


You had 5 spell levels left.
You knew the following spells:

 Your Spells              Type           Power        Failure   Level  Hunger
c - Venom Bolt            Conj/Pois      ####......   28%         5    #####..
p - Cure Poison           Pois           ####......   1%          2    None
s - Mephitic Cloud        Conj/Pois/Air  ####....     6%          3    ##.....
x - Sting                 Conj/Pois      ####         1%          1    None


Dungeon Overview and Level Annotations

Branches:
Dungeon (6/15)
 Temple: D:4-7

Altars:
Elyvilon
Fedhas
Qazlal
Ru
Sif Muna
The Shining One

Annotations:
D:5 Eustachio


Message History

Your wandering mushroom releases spores at the wight.
You hit the wight but do no damage.
The wight is lightly damaged.
The wight closely misses you.
Your wandering mushroom closely misses the wight.
You hit the wight.
The wight is lightly damaged.
The wight hits you with an enchanted dire flail!
Your wandering mushroom barely misses the wight.
You hit the wight but do no damage.
The wight is lightly damaged.
The wight closely misses you.
Your wandering mushroom closely misses the wight.
You hit the wight but do no damage.
The wight is lightly damaged.
The wight hits you with an enchanted dire flail!
* * * LOW HITPOINT WARNING * * *
You feel drained.
You die...
Fedhas appreciates your contribution to the ecosystem.

...# #......# #...# #.....#
#....###....## #....#....##
#.#........## #........f#
#......f<## .........z## ##
.........@.# #...
......###..## ##...# ....#
##).##....# .... #......# ..
##....## ... ##..)##
........#...)###
...................### #
.................###.....####
##.


You could see a wight and 2 friendly wandering mushrooms.

Vanquished Creatures
  2 ogres (D:5)
  An orc warrior (D:6)
  A sky beast (D:4)
  A scorpion (D:6)
  A wight (D:6)
  2 hounds (D:4)
  A giant frog zombie (D:5)
  3 orc wizards (D:6)
  A worker ant (D:4)
  An iguana (D:6)
  5 adders
  A shadow imp (D:6)
  2 worms
  3 oozes
  15 orcs
  2 ball pythons (D:2)
  6 bats
  A giant cockroach (D:3)
  9 hobgoblins
  2 jackals (D:2)
  5 kobolds
  2 giant geckos
  A giant gecko skeleton (D:4)
  4 giant newts
  10 goblins
  A jackal skeleton (D:5)
  4 quokkas
  7 rats
94 creatures vanquished.

Vanquished Creatures (collateral kills)
  A scorpion (D:6)
  A wight (D:6)
  An iguana (D:6)
  A giant frog skeleton (D:6)
  2 orcs (D:6)
  A kobold (D:6)
7 creatures vanquished.

Vanquished Creatures (others)
  35 toadstools
35 creatures vanquished.

Grand Total: 136 creatures vanquished

Notes
Turn   | Place    | Note
--------------------------------------------------------------
     0 | D:1      | Medar, the Deep Elf Venom Mage, began the quest for the Orb.
     0 | D:1      | Reached XP level 1. HP: 10/10 MP: 5/5
   249 | D:1      | Reached skill level 1 in Conjurations
   249 | D:1      | Reached XP level 2. HP: 15/15 MP: 6/8
   281 | D:1      | Learned a level 2 spell: Cure Poison
   606 | D:2      | Found a blossoming altar of Fedhas.
   623 | D:2      | Became a worshipper of Fedhas Madash
   775 | D:2      | Reached XP level 3. HP: 19/19 MP: 1/11
   901 | D:2      | Learned a level 3 spell: Mephitic Cloud
  1244 | D:2      | Reached skill level 1 in Air Magic
  1473 | D:3      | Reached XP level 4. HP: 24/24 MP: 9/13
  2024 | D:3      | Acquired Fedhas' first power
  2379 | D:4      | Got a jewelled dagger
  2380 | D:4      | Identified the +8 dagger "Pache" {venom, rElec} (You found it on level 4 of the Dungeon)
  2591 | D:4      | Found a white marble altar of Elyvilon.
  2644 | D:4      | Noticed a phantom
  3148 | D:4      | Reached XP level 5. HP: 21/28 MP: 13/18
  3206 | D:4      | Noticed a sky beast
  3297 | D:4      | Killed a sky beast
  3297 | D:4      | Reached skill level 5 in Spellcasting
  3304 | D:4      | Learned a level 5 spell: Venom Bolt
  3439 | D:4      | Found a stormy altar of Qazlal.
  3747 | D:5      | Entered Level 5 of the Dungeon
  3747 | D:5      | Found a deep blue altar of Sif Muna.
  3811 | D:5      | Noticed a centaur
  4119 | D:5      | Noticed an ogre
  4128 | D:5      | Killed an ogre
  4128 | D:5      | Reached skill level 5 in Conjurations
  4128 | D:5      | Reached skill level 5 in Poison Magic
  4128 | D:5      | Reached XP level 6. HP: 32/32 MP: 0/21
  4263 | D:5      | Noticed Eustachio
  4368 | D:5      | Found a sacrificial altar of Ru.
  4895 | D:6      | Reached XP level 7. HP: 36/36 MP: 9/22
  4904 | D:6      | Reached skill level 6 in Conjurations
  5056 | D:6      | Found a glowing golden altar of the Shining One.
  5126 | D:6      | Got a heavy robe
  5137 | D:6      | Identified the +0 robe "Jakkuarch" {Slay+2} (You found it on level 6 of the Dungeon)
  5172 | D:6      | Slain by a wight

Action                   |  1- 3 |  4- 6 |  7- 9 || total
-------------------------+-------+-------+-------++-------
Melee: Dagger            |    26 |    21 |    13 ||    60
 Cast: Sting             |    88 |   124 |    27 ||   239
       Mephitic Cloud    |       |     6 |     1 ||     7
Invok: Evolution         |       |     2 |       ||     2
  Use: Potion            |       |     3 |       ||     3
       Scroll            |       |     7 |       ||     7
 Stab: Sleeping          |       |       |     1 ||     1
  Eat: Chunk             |     1 |     4 |       ||     5
       Royal jelly       |       |     1 |       ||     1
       Beef jerky        |       |     1 |       ||     1
       Meat ration       |       |     1 |       ||     1
